[Event "Early-Titled-Tuesday-Blitz-March-12-2024"]
[Site "Chess.com"]
[Date "2024.03.12"]
[Round "8"]
[White "FaustinoOro"]
[Black "GothamChess"]
[Result "1-0"]
[WhiteElo "2897"]
[BlackElo "2681"]
[TimeControl "180+1"]
[EndTime "9:27:38 PDT"]
[Termination "FaustinoOro won on time"]

1. Nf3 g6 2. e4 Bg7 3. d4 d6 4.
Bc4 a6 5. O-O Nc6 6. h3 Nf6 7. Qe2 O-O 8. c3 e5 9. dxe5 dxe5 10.
Rd1 Qe7 11. Nbd2 b5 12. Bb3 Na5 13. Bc2 Bb7 14. b4 Nc6 15. a4 Na7 16. Nb3 Rfd8 17.
Nc5 Bc6 18. Bg5 Rxd1+ 19. Rxd1 h6 20. Bxf6 Bxf6 21. Ra1 a5 22. axb5 Nxb5 23. Qc4 Nd6 24. Qd3 axb4 25. Rxa8+ Bxa8 26. cxb4 Bc6 27. Ba4 Qe8 28.
Bxc6 Qxc6 29. Nd2 Be7 30. Ndb3 Qb6 31. Qc3 f6 32. Nd2 Qc6 33. Qb3+ Nf7 34. Nd3 Qd7 35. Nc4 Qd4 36. Ne3 Qxe4 37. Nd5 Bd8 38. Nc5 Qe1+ 39. Kh2 Qxf2 40. Ne6 Qd2 41. Nxd8 Nxd8 42. Nxf6+ Kg7 43. Ne8+ Kf8 44. Nxc7 Qf4+ 45. Qg3 Kf7 46. Nd5 Qxg3+ 47. Kxg3 Ke6 48. Ne3 Nc6 49. b5 Nd4 50. b6 Kd6 51.
Nc4+ Kc6 52. Nxe5+ Kxb6 53. Nxg6 Kc7 54. Kg4 Ne2 55. Kh5 Nd4 56. Kxh6 Nf5+ 57. Kg5 Ne3 58. g4 1-0

[Event "Early-Titled-Tuesday-Blitz-March-12-2024"]
[Site "Chess.com"]
[Date "2024.03.12"]
[Round "8"]
[White "RobertoJBM"]
[Black "BilicVladimir"]
[Result "0-1"]
[WhiteElo "2813"]
[BlackElo "2682"]
[TimeControl "180+1"]
[EndTime "9:27:38 PDT"]
[Termination "BilicVladimir won by resignation"]

1. e4 e6 2. d4 d5 3. Nd2 dxe4 4. Nxe4 Nd7 5. Nf3 Ngf6 6. Nxf6+ Nxf6 7. Be3 Nd5 8. Qd2 Nxe3 9. fxe3 g6 10. Bd3 Bg7 11. O-O O-O 12. c3 b6 13. Qe2 c5 14. Rad1 Qc7 15.
Ng5 Bb7 16. Be4 Rad8 17. Bxb7 Qxb7 18. Qf3 Qc7 19. Rd2 Rd5 20. Ne4 Rf5 21. Qe2 Rxf1+ 22.
Qxf1 cxd4 23. exd4 Rd8 24. Qe2 Rd7 25. g3 Qd8 26. Qc4 Rd5 27. Re2 e5 28. dxe5 Rxe5 29.
Rd2 Qe7 30. Qc8+ Bf8 31. Nf2 Re2 32. Qd8 Qe3 33. Rxe2 Qxe2 34. Qd5 Qxb2 35. Ne4 Qc1+ 36.
Kg2 Qc2+ 37. Kg1 Qe2 38. Ng5 Qe7 39. Kg2 h6 40. Nf3 Bg7 41. c4 Kh7 42. h4 Qe2+ 43. Kh3 Qe6+ 44. Qxe6 fxe6 45. Kg4 Bf6 46. Kf4 Kg7 47.
g4 Kf7 48. Ke4 h5 49. g5 Bg7 50. a4 Ke7 51. Ne5 Bxe5 52. Kxe5 a5 53. Ke4 Kd6 54. Kd4 e5+ 55. Ke4 Ke6 56. Ke3 Kf5 57. Kf3 e4+ 58.
Ke3 Ke5 0-1

[Event "Early-Titled-Tuesday-Blitz-March-12-2024"]
[Site "Chess.com"]
[Date "2024.03.12"]
[Round "8"]
[White "vasblesk"]
[Black "DenLaz"]
[Result "1/2-1/2"]
[WhiteElo "2774"]
[BlackElo "3041"]
[TimeControl "180+1"]
[EndTime "9:27:39 PDT"]
[Termination "Game drawn by repetition"]

1. d4 Nf6 2. c4 e6 3. Nf3 b6 4. g3 Ba6 5. Qc2 Bb7 6. Bg2 c5 7. O-O cxd4 8. Nxd4 Bxg2 9. Kxg2 Qc8 10.
b3 Be7 11. Bb2 O-O 12. Nd2 Qb7+ 13. N2f3 Rc8 14. Qd3 Na6 15. Rac1 Nc5 16. Qb1 d5 17. Rfd1 h6 18. Kg1 dxc4 19. Rxc4 Nce4 20. Rdc1 Rxc4 21.
Rxc4 Bc5 22. b4 Bxd4 23. Bxd4 Qd5 24. Qc2 Nd6 25. Rc6 Nfe4 26. a4 Rd8 27. b5 Nf5 28. Bb2 Nc5 29. a5 Qa2 30. axb6 axb6 31. Rxb6 Na4 32. Ra6 Qxb2 33. Qxa4 Kh7 34. Qa2 Qxb5 35. Ra5 Qb4 36. Ra7 Kg8 37. Ra8 Qd6 38. Rxd8+ Qxd8 39. Qd2 Qa8 40. Qd3 Ne7 41. e4 Nc6 42. Qe3 Qa4 43.
Kg2 Qc4 44. Qf4 Qd3 45. Ne5 Nxe5 46. Qxe5 Qd7 47. Qb8+ Kh7 48. Qf4 f6 49. h4 Qc6 50.
Qf3 Kg8 51. Kg1 Kf7 52. Kg2 g6 53. Qf4 Kg7 54. Qe3 g5 55. Qa7+ Kg8 56. Qb8+ Kf7 57.
Qa7+ Kg8 58. Qb8+ Kf7 59. Qa7+ Kg8 1/2-1/2

[Event "Early-Titled-Tuesday-Blitz-March-12-2024"]
[Site "Chess.com"]
[Date "2024.03.12"]
[Round "8"]
[White "Happy1712Drummer"]
[Black "Viktoker"]
[Result "0-1"]
[WhiteElo "2359"]
[BlackElo "2494"]
[TimeControl "180+1"]
[EndTime "9:27:41 PDT"]
[Termination "Viktoker won by checkmate"]

1. e4 c5 2. Nf3 d6 3. Bb5+ Nd7 4. O-O Nf6 5. Re1 a6 6. Bxd7+ Bxd7 7. c3 Bc6 8. d4 cxd4 9. cxd4 e6 10. d5 Bd7 11.
Nc3 e5 12. a4 Be7 13. a5 O-O 14. Be3 Ng4 15. Bb6 Qe8 16. h3 Nh6 17. Be3 f5 18. Bxh6 gxh6 19. exf5 Bxf5 20. Qd2 Qg6 21. Qe3 Bxh3 22. g3 Rf5 23. Ne4 Raf8 24. Nh2 Bg5 25.
Qe2 h5 26. f3 Bh6 27. Kh1 Kh8 28. Rg1 Bg7 29. Nf2 Qf7 30. Nxh3 Qxd5 31. Rad1 Qxa5 32. Rxd6 Qc7 33. Rdd1 Qf7 34. Nf2 Rf6 35. Ne4 Rg6 36. Rd6 Rxd6 37. Nxd6 Qd5 38. Ne4 a5 39. Rd1 Qc6 40.
Qd3 Qg6 41. Qd6 Qf5 42. Qd3 Qf7 43. Qd5 Qf5 44. Qd7 h4 45. Qxf5 Rxf5 46. gxh4 Bh6 47.
Kg2 Be3 48. Ng4 Bd4 49. Rc1 Rf8 50. b3 Rg8 51. Kf1 Rf8 52. Ngf6 Kg7 53. Rc7+ Kg6 54.
Rxh7 Rc8 55. Rxb7 Kf5 56. h5 Kf4 57. h6 Kxf3 58. h7 Rc1# 0-1

[Event "Early-Titled-Tuesday-Blitz-March-12-2024"]
[Site "Chess.com"]
[Date "2024.03.12"]
[Round "8"]
[White "Hovik_Hayrapetyan"]
[Black "shimastream"]
[Result "0-1"]
[WhiteElo "2837"]
[BlackElo "2965"]
[TimeControl "180+1"]
[EndTime "9:27:42 PDT"]
[Termination "shimastream won on time"]

1. d4 d5 2. c4 dxc4 3. Nf3 a6 4. e3 b5 5. a4 Bb7 6. b3 e6 7. axb5 axb5 8. Rxa8 Bxa8 9. bxc4 bxc4 10. Bxc4 Nd7 11.
O-O Ngf6 12. Nc3 Bd6 13. Qe2 O-O 14. e4 e5 15. d5 c6 16. dxc6 Bxc6 17. Rd1 Qe7 18.
Bg5 h6 19. Bh4 g5 20. Nxg5 hxg5 21. Bxg5 Rc8 22. Qf3 Bb4 23. Nd5 Bxd5 24. Bxd5 Rc3 25. Qf5 Kg7 26. h4 Bc5 27. h5 Rc2 28. h6+ Kh8 29. Bh4 Bd4 30. Rd3 Rc1+ 31. Kh2 Ra1 32. Rf3 Ra6 33. Rb3 Qf8 34. Rb7 Qxh6 35. g3 Qg6 36. Qh3 Kg7 37. Rxd7 Nxd7 38. Qxd7 Bxf2 39. Qc8 Rb6 40. Qd8 Rb2 41. Kh3 Bd4 42. Qe7 Rb1 43. Kg2 Rb2+ 44. Kh3 Rf2 45. Qd8 Qh6 46. Qe7 Qh5 47.
Qd8 Qg6 48. Qe7 Rf3 49. Kg2 Rd3 50. Kh3 Rd2 51. Qe8 Rd3 52. Qe7 Rc3 53. Qd8 Bf2 54.
Qe7 Rxg3+ 0-1

[Event "Early-Titled-Tuesday-Blitz-March-12-2024"]
[Site "Chess.com"]
[Date "2024.03.12"]
[Round "8"]
[White "AccioChess"]
[Black "SaiAgni_98"]
[Result "1-0"]
[WhiteElo "2440"]
[BlackElo "2547"]
[TimeControl "180+1"]
[EndTime "9:27:42 PDT"]
[Termination "AccioChess won on time"]

1. Nf3 Nf6 2. g3 d6 3. Bg2 e5 4. O-O Be7 5. d4 Nbd7 6. c4 O-O 7. Nc3 c6 8. b3 a5 9. Bb2 exd4 10. Nxd4 Nc5 11.
Rc1 Re8 12. Qc2 Qb6 13. Rfd1 Na6 14. Nf5 Bxf5 15. Qxf5 Qc5 16. Qc2 Nb4 17. Qb1 Ng4 18. Ne4 Qh5 19. h3 Ne5 20. a3 Na6 21. f4 Ng6 22. e3 Nc5 23. g4 Qh4 24. Nxc5 dxc5 25. Rd7 Bf6 26. Bxf6 Qxf6 27. Qd3 Rad8 28. g5 Rxd7 29.
Qxd7 Qd8 30. Qxd8 Rxd8 31. Rc2 Nh4 32. Bf1 f6 33. gxf6 gxf6 34. Kf2 Kf7 35. Kg3 Nf5+ 36. Kf3 Rg8 37. Rd2 Rg3+ 38. Kf2 Rg7 39. Bd3 Ke6 40. Bxf5+ Kxf5 41. Kf3 Ke6 42. Rd8 Rg1 43. Rb8 Rf1+ 44. Ke2 Rh1 45. Rxb7 Rxh3 46. Rc7 Kd6 47. Ra7 Rh2+ 48.
Kd3 Rb2 49. Rxa5 Rxb3+ 50. Ke4 h5 51. Ra7 1-0

[Event "Early-Titled-Tuesday-Blitz-March-12-2024"]
[Site "Chess.com"]
[Date "2024.03.12"]
[Round "8"]
[White "zajka-molotok"]
[Black "Matibar"]
[Result "1-0"]
[WhiteElo "2555"]
[BlackElo "2751"]
[TimeControl "180+1"]
[EndTime "9:27:49 PDT"]
[Termination "zajka-molotok won on time"]

1. e4 e6 2. d4 d5 3. exd5 exd5 4.
Nf3 Bd6 5. Bd3 Ne7 6. O-O O-O 7. Re1 Nbc6 8. c3 Bf5 9. Bg5 f6 10. Bh4 Qd7 11. Bg3 Bxg3 12. hxg3 Bxd3 13. Qxd3 Rae8 14. Nbd2 Nf5 15. Rxe8 Rxe8 16. Re1 Nd6 17. Kf1 g6 18. Rxe8+ Qxe8 19. Qe2 Qd7 20. Qd3 Kf7 21. Nb3 b6 22.
Nbd2 a5 23. a4 Ne7 24. b3 h5 25. Ne1 Qe6 26. Nc2 Ne4 27. Ne3 Nxd2+ 28. Qxd2 Qe4 29. Qc2 f5 30. Ke2 g5 31. f3 Qe6 32. Kf2 Kf6 33.
Qd3 Ng6 34. Qb5 c6 35. Qxb6 f4 36. Qd8+ Kf7 37. gxf4 gxf4 38. Nf1 h4 39. Qxa5 Qf5 40. Qc7+ Ne7 41. Qe5 Qc2+ 42. Kg1 Ng6 43. Qc7+ Kf8 44. Qxc6 Kg7 45. a5 h3 46. Qd7+ Kf6 47. Qxh3 Qxc3 48.
Qd7 Qxd4+ 49. Kh1 Qd1 50. Kg1 Qd4+ 51. Kh2 Qf2 52. Qc6+ Kg7 53. Qc7+ Kh6 54. Qc1 Kg5 55.
Qa1 d4 56. Qc1 Nh4 57. Qc5+ Nf5 58. a6 1-0

[Event "Early-Titled-Tuesday-Blitz-March-12-2024"]
[Site "Chess.com"]
[Date "2024.03.12"]
[Round "8"]
[White "vovachesss"]
[Black "karinachess1"]
[Result "1-0"]
[WhiteElo "2790"]
[BlackElo "2610"]
[TimeControl "180+1"]
[EndTime "9:27:50 PDT"]
[Termination "vovachesss won on time"]

1. e4 e5 2. Nf3 Nc6 3. Nc3 Nf6 4.
Bb5 Bd6 5. O-O O-O 6. Bxc6 dxc6 7. d4 exd4 8. Qxd4 Be7 9. Qa4 b5 10. Qa5 Bc5 11. Bg5 h6 12. Bxf6 Qxf6 13. Qxc7 Bd6 14. e5 Bxc7 15. exf6 gxf6 16. Ne4 Kg7 17. Nd4 Bb6 18. Rad1 Rd8 19. c3 Bd7 20. Ng3 Kg6 21. h4 h5 22. Nge2 c5 23. Nf4+ Kh6 24. Nc2 Bc6 25. Ne3 Be4 26. c4 a6 27. f3 Bg6 28. b3 Rd4 29. Nfd5 Bd8 30. Kf2 bxc4 31. Nxc4 a5 32. Nde3 a4 33. Rfe1 axb3 34. axb3 Ra2+ 35. Kg1 Ba5 36. Rf1 Bb4 37. Nd6 Rxd1 38.
Rxd1 Rd2 39. Ndf5+ Kh7 40. Rxd2 Bxd2 41. Kf2 Bc3 42.
Nd6 Bd4 43. Ke2 Kg7 44. Nb5 Kf8 45. Nxd4 cxd4 46. Nc4 Ke7 47. Kd2 Ke6 48. Nb2 Kd5 49. Nd3 Kd6 50. b4 Kc6 51. Nf4 Kb5 52. Nxg6 fxg6 53. Kd3 Kxb4 54. Kxd4 g5 55. hxg5 fxg5 56. Ke5 Kc4 57. Kf5 1-0

[Event "Early-Titled-Tuesday-Blitz-March-12-2024"]
[Site "Chess.com"]
[Date "2024.03.12"]
[Round "8"]
[White "FormerProdigy"]
[Black "alexrustemov"]
[Result "1-0"]
[WhiteElo "2981"]
[BlackElo "2857"]
[TimeControl "180+1"]
[EndTime "9:27:51 PDT"]
[Termination "FormerProdigy won on time"]

1. e4 e6 2. d4 d5 3. Nc3 dxe4 4.
Nxe4 Bd7 5. Nf3 Bc6 6. Bd3 Nd7 7. O-O Ngf6 8. Ng3 Be7 9. Re1 O-O 10. a4 Bd5 11. Ne5 c5 12. Nxd7 Qxd7 13. dxc5 Bxc5 14. Bg5 Be7 15. Qe2 h6 16. Bf4 Bd6 17. Bxd6 Qxd6 18. Rad1 Qf4 19. Ne4 Bxe4 20. Bxe4 Nxe4 21. Qxe4 Qc7 22.
Rd4 Rfd8 23. Red1 Rxd4 24. Rxd4 Rd8 25. c3 Rxd4 26. Qxd4 a6 27. h4 b5 28. axb5 axb5 29. b3 Qa5 30. Qc5 g6 31. Kh2 Qa2 32. Qxb5 Qxf2 33.
Qb8+ Kh7 34. Qg3 Qb2 35. c4 e5 36. Qf3 Kg7 37. c5 Qc2 38. Qd5 e4 39. Qe5+ Kh7 40.
Qc7 Kg7 41. c6 e3 42. Qe5+ Kh7 43. Qxe3 Qxc6 44. Qf4 Kg7 45. Qe5+ Kh7 46. b4 f6 47. Qe7+ Kg8 48. Qc5 Qxc5 49. bxc5 Kf7 50. Kg3 f5 51. Kf4 Kf6 52. c6 g5+ 53. Ke3 Ke6 54. hxg5 hxg5 55. Kd4 1-0

[Event "Early-Titled-Tuesday-Blitz-March-12-2024"]
[Site "Chess.com"]
[Date "2024.03.12"]
[Round "8"]
[White "Let_it_be_1"]
[Black "Kirill_Klukin"]
[Result "1/2-1/2"]
[WhiteElo "2632"]
[BlackElo "2805"]
[TimeControl "180+1"]
[EndTime "9:27:55 PDT"]
[Termination "Game drawn - insufficient material"]

1. e4 c5 2. Nf3 Nc6 3. d4 cxd4 4. Nxd4 e5 5. Nb5 d6 6. Bc4 Be7 7. O-O Nf6 8. Bg5 Nxe4 9. Bxe7 Qxe7 10. N1c3 Nxc3 11.
Nxd6+ Kf8 12. bxc3 Be6 13. Bxe6 Rd8 14. Bxf7 Qxd6 15.
Qf3 Qf6 16. Bd5 Qxf3 17. Bxf3 Rd6 18. Rfd1 Ke7 19. Rxd6 Kxd6 20. Rd1+ Kc7 21. Kf1 b6 22. Ke2 Rf8 23. Rd5 Rd8 24. Ke3 Rxd5 25. Bxd5 Ne7 26. Ke4 Kd6 27. c4 Ng6 28. g3 Nf8 29. h4 Nd7 30. Kf5 g6+ 31. Kg5 Ke7 32. h5 gxh5 33.
Kxh5 Nf6+ 34. Kh6 Ng4+ 35. Kxh7 Nxf2 36. Bf3 Kf6 37. Kh6 e4 38. Be2 e3 39. g4 Ne4 40. a4 Ng5 41. Bd3 Ne6 42. Be2 Nf4 43. g5+ Kf5 44. Bf1 Kg4 45. g6 Nxg6 46. Kxg6 Kf3 47.
Kf5 Kf2 48. Bd3 e2 49. Bxe2 Kxe2 50. Ke4 Kd2 51. Kd5 Kxc2 52. Kc6 Kb3 53. Kb5 Ka3 54. a5 Kb3 55. c5 bxc5 56. Kxc5 Ka4 57. Kc4 Kxa5 58.
Kb3 Kb5 59. Ka2 Kb6 60. Ka1 Ka6 61. Ka2 Ka5 62. Ka1 Kb5 63. Ka2 a5 64. Ka1 Ka4 65. Ka2 Kb4 66. Ka1 Kc3 67. Ka2 Kc2 68. Ka1 Kc1 69. Ka2 Kc2 70. Ka3 Kc3 71. Ka4 Kc4 72.
Kxa5 1/2-1/2

[Event "Early-Titled-Tuesday-Blitz-March-12-2024"]
[Site "Chess.com"]
[Date "2024.03.12"]
[Round "8"]
[White "DamianoLew95"]
[Black "Ginger_GM"]
[Result "1-0"]
[WhiteElo "2754"]
[BlackElo "2585"]
[TimeControl "180+1"]
[EndTime "9:28:00 PDT"]
[Termination "DamianoLew95 won on time"]

1. e4 c5 2. Nf3 d6 3. Bb5+ Nc6 4. O-O Bd7 5. c3 Nf6 6. Re1 a6 7. Bxc6 Bxc6 8. d4 Bxe4 9. Bg5 Bd5 10. Nbd2 cxd4 11. Nxd4 e6 12. Qe2 Be7 13. c4 Bc6 14. Nf5 exf5 15. Bxf6 gxf6 16. Qh5 Qd7 17. Qe2 Kf8 18. Qh5 h6 19. Nf1 f4 20. Rad1 Re8 21.
Rd4 Bd8 22. Red1 Re5 23. Qh4 Rg5 24. g3 Qg4 25. Qxg4 Rxg4 26. Ne3 fxe3 27. Rxg4 exf2+ 28. Kxf2 Bb6+ 29. Ke2 Bc5 30. Rf4 Ke7 31. Rdf1 Bd7 32.
Rxf6 Be6 33. b3 h5 34. R6f4 a5 35. Kd3 a4 36. Kc3 axb3 37. axb3 Ra8 38. Rh4 Ra3 39. Rxh5 b5 40. Kb2 b4 41. Rh4 Ra8 42. Ra1 Rg8 43. Re1 Rg5 44. Re2 Rf5 45. Rf4 Rxf4 46. gxf4 Bd4+ 47.
Kc2 Kf6 48. Kd3 Bc3 49. Ke4 Bg4 50. Rg2 Bh3 51. Rg3 Bf5+ 52. Kd5 Ke7 53. Re3+ Kd7 54. Re2 Bd3 55. Rg2 Bb1 56. h4 Bg6 57. Rh2 Bd3 58. h5 f5 59. c5 Be4+ 60. Kc4 d5+ 61. Kb5 d4 62. h6 d3 63. h7 d2 64. Rxd2+ Kc7 65.
Rd6 Bf3 66. Rh6 Be2+ 67. Ka4 Kb7 68. h8=Q Bf3 69. Qh7+ 1-0

[Event "Early-Titled-Tuesday-Blitz-March-12-2024"]
[Site "Chess.com"]
[Date "2024.03.12"]
[Round "8"]
[White "koncheto"]
[Black "Roman_Ovetchkin"]
[Result "1/2-1/2"]
[WhiteElo "2482"]
[BlackElo "2585"]
[TimeControl "180+1"]
[EndTime "9:28:02 PDT"]
[Termination "Game drawn by repetition"]

1. e4 c6 2. d4 d5 3. Nc3 dxe4 4. Nxe4 Nf6 5. Ng5 h6 6. Nxf7 Kxf7 7. Nf3 Bf5 8. Ne5+ Kg8 9. Bc4+ Nd5 10. Qh5 g6 11. Qe2 Nd7 12. Nd3 Nf6 13. Ne5 Kg7 14.
g4 Bd7 15. g5 hxg5 16. Bxg5 Bf5 17. O-O-O Qd6 18. Rdg1 Ne4 19. h4 Nxg5 20. Rxg5 Qf6 21. Rhg1 Rxh4 22. Qf3 Rf4 23. Qg3 Rxd4 24. Bd3 Rxd3 25.
Nxd3 e5 26. f4 exf4 27. Nxf4 Bd6 28. Nh5+ Kf7 29. Nxf6 Bxg3 30. Nxd5 Be5 31. Re1 Bg7 32.
Ne3 Bh6 33. Rg3 Re8 34. Kb1 Bc8 35. Rf3+ Kg7 36. c3 Re5 37. Kc2 Be6 38. Kd2 Bxa2 39. b3 Bxb3 40. Rb1 Bd5 41. Rxb7+ Kg8 42. Rh3 Bxe3+ 43.
Rxe3 Rxe3 44. Kxe3 a5 45. Ra7 Kf8 46. Rxa5 g5 47. Ra7 g4 48. Kf4 Bf3 49. c4 Ke8 50. c5 Kd8 51. Rg7 Ke8 52. Ke5 Kf8 53. Kf6 Ke8 54. Ke6 Bd5+ 55. Kd6 Bf3 56. Rg5 Kf7 57. Ke5 Be2 58. Rh5 Kg6 59. Rh1 Bf3 60. Rg1 Kg5 61.
Rg3 Bd5 62. Rg1 Bf3 63. Rg3 Bd5 64. Rg1 Bf3 1/2-1/2

[Event "Early-Titled-Tuesday-Blitz-March-12-2024"]
[Site "Chess.com"]
[Date "2024.03.12"]
[Round "8"]
[White "laziestwin"]
[Black "ccccvhhhj"]
[Result "0-1"]
[WhiteElo "2566"]
[BlackElo "2465"]
[TimeControl "180+1"]
[EndTime "9:28:09 PDT"]
[Termination "ccccvhhhj won by resignation"]

1. d4 e5 2. dxe5 d6 3. exd6 Bxd6 4. e4 Nc6 5. Be3 Qe7 6. Nd2 Nf6 7. Bd3 Bg4 8. f3 Bh5 9. Ne2 O-O-O 10. O-O h6 11. a3 g5 12. b4 Ne5 13. Ng3 Bg6 14. Qe2 Kb8 15. Nb3 Nxd3 16. cxd3 Bxg3 17. hxg3 Nh5 18. Bf2 Qd6 19. Qe3 b6 20. Rfd1 Nxg3 21. e5 Qd5 22.
Bxg3 Qxb3 23. Rac1 Rxd3 24. Rxd3 Qxd3 25. Qxd3 Bxd3 26. e6 fxe6 27. Rxc7 Ka8 28. Be5 Rd8 29. Re7 Bf5 30. g4 Bc2 31. Kf2 Bb3 32. Rh7 Rd2+ 33.
Kg3 Bd5 34. b5 a6 35. bxa6 Rd3 36. Rf7 Rxa3 37. Rf6 Rxa6 38. Rxh6 Ra3 39. Rf6 b5 40. Kf2 b4 41. f4 b3 42. fxg5 Ra2+ 43. Ke3 Rg2 44.
Rf8+ Kb7 45. Rb8+ Kc6 46. Rb4 Kc5 47. Rb8 Bc4 48. g6 Rxg4 49. g7 Kd5 50. Bf6 e5 51.
Rd8+ Kc5 52. Bxe5 Rg5 53. Rb8 Rxe5+ 54. Kf4 Re1 55. g8=Q Bxg8 56. Rxg8 Kc4 57. Rc8+ Kd3 58. Rd8+ Kc2 59. Rc8+ Kb1 60. Rb8 b2 61. Kf3 Re5 62.
Kf4 Re1 63. Kf3 Kc1 64. Rc8+ Kb1 65. Kf2 Re6 66. Rb8 Ka2 67. Ra8+ Kb1 68. Rb8 Re5 69. Ra8 Kc2 70. Rc8+ Kb3 71. Rb8+ Kc3 72. Rc8+ Kb4 73. Rb8+ Rb5 74. Re8 b1=Q 0-1

[Event "Early-Titled-Tuesday-Blitz-March-12-2024"]
[Site "Chess.com"]
[Date "2024.03.12"]
[Round "8"]
[White "viktorskliarov"]
[Black "scrambleyourbrain"]
[Result "1-0"]
[WhiteElo "2590"]
[BlackElo "2398"]
[TimeControl "180+1"]
[EndTime "9:28:19 PDT"]
[Termination "viktorskliarov won by resignation"]

1. e4 e5 2. Nc3 Nc6 3. Bc4 Bc5 4. Qg4 g6 5. Qf3 Nf6 6. Nge2 d6 7. h3 Be6 8. Nd5 Bxd5 9. exd5 e4 10. Qb3 Na5 11. Qa4+ c6 12. dxc6 Nxc6 13. b4 Bb6 14. Bb2 d5 15.
Bb5 Rc8 16. Nd4 Bxd4 17. Bxd4 a6 18. Bxc6+ Rxc6 19. O-O O-O 20. c3 Nd7 21. Qb3 Nb6 22.
a4 Nc4 23. Ra2 b5 24. axb5 axb5 25. Qd1 Qg5 26. Qg4 Qxg4 27. hxg4 h5 28. g5 Rc7 29. Rfa1 Rb8 30. Kf1 Rcb7 31. Ke2 Kf8 32. Bf6 Ke8 33. Ra6 Kd7 34. d3 exd3+ 35. Kxd3 Nd6 36. Kd4 Ne8 37.
Be5 Nc7 38. Rd6+ Ke7 39. Rc6 Ne6+ 40. Ke3 Rd8 41. Bf6+ Kd7 42. Raa6 Re8 43. Kd2 Nc7 44. Rd6+ Kc8 45. Rac6 Kb8 46. g3 Ne6 47. Rxd5 Nc7 48. Rd7 Ne6 49. Rxb7+ Kxb7 50. Rd6 Kc7 51. Rd5 Kb6 52.
Bd4+ Kc6 53. Re5 Rd8 54. Ke3 Ra8 55. f4 Ra1 56. f5 Re1+ 57. Kf2 Rxe5 58. Bxe5 gxf5 59.
Bf6 Kd5 60. Kg2 Ke4 61. Kh3 Kf3 62. Kh4 Kg2 63. Be5 Kf3 64. Kxh5 f4 65. gxf4 Nxf4+ 66. Kh6 Nd3 67. Bf6 Kg4 68. Kg7 Kf5 69. Kxf7 Nf4 70. Ke7 Nd5+ 71. Kd6 Ne3 72. Kc6 Nd1 73. Kxb5 Kg6 74.
Kc6 Nxc3 75. Bxc3 Kxg5 76. b5 1-0

[Event "Early-Titled-Tuesday-Blitz-March-12-2024"]
[Site "Chess.com"]
[Date "2024.03.12"]
[Round "8"]
[White "bobo_panda"]
[Black "ChelsieMonica"]
[Result "1/2-1/2"]
[WhiteElo "2315"]
[BlackElo "2528"]
[TimeControl "180+1"]
[EndTime "9:28:19 PDT"]
[Termination "Game drawn - insufficient material"]

1. e4 e5 2. Nf3 Nc6 3. Bb5 a6 4. Ba4 Nf6 5. O-O b5 6. Bb3 Bc5 7. c3 d6 8. d4 Bb6 9. Be3 O-O 10. Nbd2 Rb8 11. a4 h6 12. h3 Re8 13. Bc2 exd4 14. cxd4 Nb4 15. Bb1 c5 16. axb5 axb5 17. d5 c4 18. Nd4 Bxd4 19. Bxd4 Na6 20. f3 Nc5 21. b4 cxb3 22. Nxb3 Nfd7 23. Na5 Bb7 24. Nxb7 Rxb7 25. Kh1 b4 26. Bd3 Ne5 27. Be2 b3 28. Rb1 Ned7 29.
Qd2 Qh4 30. Bf2 Qf6 31. Bd4 Qg6 32. Rfc1 Reb8 33. Bb2 f6 34. Ra1 Ne5 35. Ra5 Ned7 36.
Rca1 Qg3 37. Qe3 Re8 38. Bb5 f5 39. Bxd7 Rxd7 40. Ra8 Re7 41. e5 Kh7 42. e6 Rxa8 43.
Rxa8 Rc7 44. e7 Ne4 45. Qxe4 fxe4 46. e8=Q exf3 47. Qh8+ Kg6 48. Qe8+ Rf7 49. Qe4+ Rf5 50. Qe6+ Rf6 51. Qe8+ Kh7 52. Qe4+ Rg6 53. Qxf3 Qxf3 54. gxf3 Rg5 55. Ra3 Rg3 56. Rxb3 Rxh3+ 57. Kg2 Rh5 58.
Re3 Rxd5 59. Re2 Kg6 60. Kf2 Kf7 61. Bc1 h5 62. Bf4 h4 63. Bh2 g5 64. Kg2 Rd3 65.
Rf2 Kf6 66. Kh3 Kf5 67. Kg2 d5 68. Rb2 Rc3 69. Rd2 Ke6 70. Bg1 Rc4 71. Be3 g4 72. Rd4 gxf3+ 73. Kxf3 Rxd4 74. Bxd4 Kf5 75. Bf2 Ke5 76.
Bxh4 d4 77. Bf2 Kd5 78. Bxd4 1/2-1/2

[Event "Early-Titled-Tuesday-Blitz-March-12-2024"]
[Site "Chess.com"]
[Date "2024.03.12"]
[Round "8"]
[White "el008"]
[Black "suyu28"]
[Result "0-1"]
[WhiteElo "2517"]
[BlackElo "2860"]
[TimeControl "180+1"]
[EndTime "9:28:21 PDT"]
[Termination "suyu28 won by resignation"]

1. b3 d5 2. Bb2 Bf5 3. Nf3 e6 4. e3 Nf6 5. Be2 h6 6. O-O c6 7. c4 Nbd7 8. Nc3 Bd6 9. a3 a5 10. Re1 O-O 11. Bf1 Re8 12. d3 Bh7 13. e4 dxe4 14. dxe4 Qc7 15. g3 Rad8 16. Qe2 e5 17. Nd2 Bc5 18. Na4 Ba7 19. b4 axb4 20. axb4 Nf8 21. c5 Ne6 22. f3 b6 23. cxb6 Bxb6+ 24. Nxb6 Qxb6+ 25. Kh1 Qxb4 26. Nc4 Nd4 27. Bxd4 Rxd4 28.
Reb1 Qe7 29. Na5 Qd6 30. Nc4 Qc7 31. Qb2 Nxe4 32. fxe4 Bxe4+ 33. Kg1 Bxb1 34. Rxb1 h5 35. Ne3 h4 36. Nf5 Rdd8 37. Nxh4 Rb8 38. Qc2 Rxb1 39. Qxb1 e4 40. Nf5 Qe5 41. Ne3 Rb8 42. Qc2 Qd4 43. Qf2 Rb2 44. Be2 g6 45. Nd1 Rd2 46. Qxd4 Rxd4 47.
Kf2 f5 48. Ke3 Ra4 49. Nc3 Rb4 50. h4 Kg7 51. Bd1 Kf6 52. Ne2 Rb1 53. Bc2 Ra1 54. Kd4 Ra3 55. Bb1 c5+ 56. Kxc5 Rb3 57. Ba2 Rb2 58. Nc3 Rg2 59. Bd5 Rxg3 60. Kd4 Rd3+ 61.
Kc4 Ke5 62. Bf7 Rd4+ 63. Kb3 Rd6 64. Nb5 Rf6 65. Bc4 f4 66. Kc3 f3 67. Kd2 Kf4 68. Nc3 e3+ 69. Ke1 Rd6 70. Nd5+ Ke4 71. Nb4 Rd4 72. Bd3+ Rxd3 73. Nxd3 Kxd3 74. Kd1 f2 75. Kc1 0-1

[Event "Early-Titled-Tuesday-Blitz-March-12-2024"]
[Site "Chess.com"]
[Date "2024.03.12"]
[Round "8"]
[White "TigrVShlyape"]
[Black "eagleclaw07"]
[Result "1-0"]
[WhiteElo "2922"]
[BlackElo "2783"]
[TimeControl "180+1"]
[EndTime "9:28:22 PDT"]
[Termination "TigrVShlyape won on time"]

1. e4 Nf6 2. e5 Nd5 3. d4 d6 4. Nf3 dxe5 5. Nxe5 c6 6. Be2 Bf5 7. O-O Nd7 8. Nf3 e6 9. c4 N5f6 10. Nc3 h6 11. d5 e5 12. Re1 Be7 13. d6 Bf8 14. Bf1 Be6 15. b3 g6 16. Ba3 Qa5 17.
Bb2 Qc5 18. Nxe5 Nxe5 19. Na4 Qxd6 20. Bxe5 Qxd1 21. Raxd1 Be7 22. Bxf6 Bxf6 23. Nc5 Rd8 24. Nxb7 Rxd1 25. Rxd1 Ke7 26. Be2 Rc8 27. b4 Bc3 28. a3 Bb2 29. a4 Bc3 30. b5 cxb5 31. axb5 Rc7 32. Nd6 Bb4 33. Ne4 f5 34. Ng3 Ba3 35. Ra1 Bb2 36. Ra4 Rd7 37. Nf1 Bd4 38. Ra2 Bb6 39.
Rc2 Rc7 40. Nd2 Kd6 41. Nb3 Ke5 42. g3 f4 43. Kg2 Bf5 44. Rc1 Be4+ 45. f3 Bf5 46. c5 Bxc5 47. Rxc5+ Rxc5 48. Nxc5 Kd4 49. Na6 Ke3 50. Bc4 g5 51. Nb4 g4 52. fxg4 f3+ 53. Kf1 Bxg4 54. Nd5+ Kd4 55. Ba2 Be6 56. Nb4 Bh3+ 57. Kf2 Kc5 58. Nc6 Kxb5 59. Nxa7+ Kb6 60. Kxf3 Kxa7 61. g4 Kb6 62. Bc4 Kc5 63. Ba6 h5 64. gxh5 Kd4 65. h6 Bf5 66. Kf4 Bh7 67. Bc8 Kd5 68. Bf5 Bg8 69. Kg5 Ke5 70. Kg6 Kf4 71. Kg7 Kxf5 72. Kxg8 Kg6 73. h7 Kf6 74. h8=Q+ Kg5 75. Kf7 1-0

[Event "Early-Titled-Tuesday-Blitz-March-12-2024"]
[Site "Chess.com"]
[Date "2024.03.12"]
[Round "8"]
[White "blitzking1729"]
[Black "profedechess93"]
[Result "1-0"]
[WhiteElo "2804"]
[BlackElo "2623"]
[TimeControl "180+1"]
[EndTime "9:28:22 PDT"]
[Termination "blitzking1729 won by resignation"]

1. g3 d5 2. Bg2 Nf6 3. c4 c6 4. Nf3 e6 5. O-O Nbd7 6. cxd5 exd5 7. d3 Bd6 8. e4 O-O 9. Nc3 h6 10. Re1 dxe4 11. dxe4 Ne5 12. Nxe5 Bxe5 13. Qc2 Bg4 14. h3 Be6 15. Be3 Qc8 16. Kh2 Re8 17. f4 Bc7 18.
Bd4 Nh7 19. e5 Rd8 20. Rad1 Nf8 21. g4 Bd5 22. Nxd5 cxd5 23. Rc1 Ne6 24. Be3 d4 25.
Bd2 d3 26. Qb3 Qd7 27. f5 Nd4 28. Qxd3 Qe7 29. Qe3 f6 30. Kh1 Bxe5 31. Bc3 Qf7 32. Rcd1 Nc6 33. Bxc6 Rxd1 34. Rxd1 bxc6 35. Bxe5 fxe5 36.
Qxe5 Re8 37. Qc3 Qxa2 38. Rd2 Qb1+ 39. Kg2 Qe4+ 40. Qf3 Qc4 41. f6 gxf6 42. Qxf6 Qe4+ 43. Qf3 Qc4 44. Rf2 Qe6 45. Qf4 Qd5+ 46. Kg3 Qd3+ 47. Rf3 Qg6 48. Qf6 Qxf6 49. Rxf6 Re3+ 50. Kh4 Kg7 51.
Rxc6 Rb3 52. Rc2 a5 53. Rf2 a4 54. Rc2 a3 55. bxa3 Rxa3 56. Rc7+ Kg6 57. Rc6+ Kg7 58. Rc2 Ra5 59. Rc3 Kg6 60. Kg3 Kg7 61. Rb3 Kg6 62. Rb4 Kg7 63. Kf4 Kg6 64. h4 Kg7 65. h5 Kf7 66. Rb7+ Kg8 67. Rb6 Kg7 68. Kg3 Kh7 69. Rb7+ Kg8 70. Rc7 Kh8 71. Rf7 Kg8 72. Rf5 Kg7 73. Rxa5 1-0